 Dungeon Crawl Stone Soup version 0.29-a0-1030-gf5f8719cae (webtiles) character file.

Game seed: 2149408270747743292

5128 27heaven the Impaler (level 10, -1/70 HPs)
             Began as a Formicid Fighter on Aug 14, 2022.
             Was an Initiate of Gozag.
             Shot with an arrow by a centaur warrior (5 damage)
             ... on level 8 of the Dungeon.
             The game lasted 00:09:40 (9581 turns).

27heaven the Impaler (Formicid Fighter)             Turns: 9581, Time: 00:09:40

Health: -1/70      AC: 14    Str: 32    XL:     10   Next: 88%
Magic:  10/10      EV:  6    Int:  7    God:    Gozag
Gold:   2631       SH: 10    Dex: 19    Spells: 9/9 levels left

rFire   . . .      SeeInvis +   j - +2 glaive (distort)
rCold   + + .      Faith    .   w - +0 kite shield
rNeg    . . .      Spirit   .   C - +0 plate armour
rPois   +          Reflect  .   (helmet unavailable)
rElec   .          Harm     .   g - +0 cloak
rCorr   .          Rampage  .   o - +1 pair of gloves of Lightning Storm {rPois rC++ SInv Stlth+}
Will    +....                   (no boots)
Stlth   ..........              (no amulet)
HPRegen 0.21/turn               f - +6 ring of dexterity
MPRegen 0.12/turn               i - +6 ring of strength

@: gold aura, flying, studying Armour
A: permanent stasis, dig shafts and tunnels, antennae 3, four strong arms
a: Dig, Shaft Self, Renounce Religion, Potion Petition, Call Merchant, Bribe
Branch


You were on level 8 of the Dungeon.
You worshipped Gozag.
Gozag was most pleased with you.
You visited 1 branch of the dungeon, and saw 8 of its levels.
You also visited: Ossuary.

You collected 2669 gold pieces.
You paid 38 gold pieces to Gozag.

Inventory:

Hand Weapons
 a - a +0 trident
 j - a +2 glaive of distortion (weapon)
Missiles
 x - a throwing net
Armour
 g - a +0 cloak (worn)
 o - the +1 pair of gloves of Lightning Storm (worn) {rPois rC++ SInv Stlth+}
   (You found it on level 4 of the Dungeon)

   rC:        It greatly protects you from cold.
   rPois:     It protects you from poison.
   SInv:      It lets you see invisible.
   Stlth:     It makes you more stealthy.
 w - a +0 kite shield (worn)
 C - a +0 plate armour (worn)
Jewellery
 f - a +6 ring of dexterity (left hand)
 i - a +6 ring of strength (right hand)
 r - a +6 ring of dexterity
 y - a +6 ring of dexterity
Wands
 q - a wand of polymorph (10)
 s - a wand of roots (6)
 t - a wand of light (8)
Scrolls
 d - 20 scrolls of butterflies
Potions
 b - 2 potions of brilliance {unknown}
 c - 2 potions of ambrosia {unknown}
 e - 4 potions of heal wounds {unknown}
 k - 2 potions of lignification {unknown}
 l - a potion of haste {unknown}
 m - 2 potions of flight
 n - a potion of degeneration {unknown}
 p - 3 potions of curing
 u - a potion of mutation {unknown}
 v - a potion of resistance {unknown}
 z - a potion of might {unknown}
 A - 2 potions of berserk rage
 B - a potion of magic {unknown}


   Skills:
 - Level 3.2 Fighting
 + Level 17.4 Polearms
 - Level 3.2 Armour
 - Level 4.0 Shields


You had 9 spell levels left.
You didn't know any spells.
Your spell library contained the following spells:

 Spells                   Type           Power      Damage    Failure   Level
 Beastly Appendage        Tmut           0%         N/A       100%        1
 Foxfire                  Conj/Fire      0%         2x1d4     100%        1
 Sting                    Tmut/Pois      0%         1d3       100%        1
 Poisonous Vapours        Pois/Air       0%         N/A       100%        2
 Wereblood                Tmut           0%         N/A       100%        2
 Ignite Poison            Fire/Tmut/Pois 0%         N/A       100%        3
 Mephitic Cloud           Conj/Pois/Air  0%         N/A       100%        3
 Spider Form              Tmut/Pois      0%         N/A       100%        3
 Olgreb's Toxic Radiance  Pois           0%         N/A       100%        4
 Ignition                 Fire           0%         3d3       100%        8


Dungeon Overview and Level Annotations

Branches:
Dungeon (8/15)             Temple (0/1) D:6         Ossuary (visited)
   Lair: D:8-11

Altars:
Ashenzari
Dithmenos
Fedhas
Gozag
Kikubaaqudgha
Okawaru

Annotations:
D:1 2 transporters


Innate Abilities, Weirdness & Mutations

You cannot be hasted, slowed, berserked, paralysed or teleported.
You can dig through walls and to a lower floor.
You have a pair of large antennae on your head. (SInv)
Your four strong arms can wield two-handed weapons with a shield.


Message History

You slash the centaur!
You kill the centaur!
You block the gnoll's attack.
The kobold brigand is no longer distracted by gold.
The wyvern is distracted by your dazzling golden aura.
You barely miss the centaur warrior.
The centaur warrior is no longer distracted by gold.
The wyvern hisses angrily.
The centaur warrior unwields a +0 longbow.
The centaur warrior wields a +0 whip.
The centaur warrior hits you with a +0 whip.
The centaur warrior barely misses you. You block the gnoll's attack.
You hit the centaur warrior but do no damage.
The centaur warrior blinks!
The kobold is no longer distracted by gold.
The gnoll hits you but does no damage.
Unknown command.
You slash the kobold!
You kill the kobold!
The wyvern is no longer distracted by gold.
The centaur warrior unwields a +0 whip.
The centaur warrior wields a +0 longbow.
The centaur warrior shoots an arrow.
The arrow hits you!!
* * * LOW HITPOINT WARNING * * *
The gnoll hits you from afar with a +0 halberd.
* * * LOW HITPOINT WARNING * * *
Unknown command.
It was a potion of curing.
You feel better.
The centaur warrior shoots an arrow.
The arrow hits you.
* * * LOW HITPOINT WARNING * * *
The wyvern bites you.
* * * LOW HITPOINT WARNING * * *
The gnoll hits you but does no damage.
The centaur warrior shoots an arrow.
You block the arrow. You block the wyvern's attack.
It was a potion of flight.
You feel very buoyant.
You fly up into the air.
The centaur warrior shoots an arrow.
The arrow hits you.
You die...
Your body crumbles into a pile of gold.

..) .# .....#. #...#. #.
#... .. #.#### ### ###.#
##.c$.# ###.#####
......##..##$###..#.....
#....Kl@.g.$......##.##.
#.#...#z..#...#...###.#.
#..#...#...#...#..# ##..
....#...#...#...#.###.#.
..#...#...#...#..##....
..#...#...#...#...#.....
...................#####
...#...#...#...#.##
.#...#...#...#..#####


You could see a centaur warrior, a wyvern, a kobold brigand, a wight and a
gnoll.

Vanquished Creatures
  A centaur warrior (D:8)
  A manticore (D:8)
  Maggie (D:7)
  A tengu conjurer (D:8)
  Eustachio (D:5)
  2 steam dragons
  2 water moccasins
  2 sky beasts
  An orc warrior (D:7)
  3 ogres
  3 centaurs
  3 kobold brigands
  2 bullfrogs (D:8)
  2 necrophages (D:7)
  3 gnoll sergeants
  5 water moccasin zombies (Ossuary)
  Blork the orc (D:5)
  4 scorpions
  A killer bee (D:8)
  A howler monkey (D:6)
  3 jellies
  Crazy Yiuf (D:3)
  An orc priest (D:7)
  5 hounds
  2 iguanas (D:6)
  Terence (D:3)
  An orc wizard (D:7)
  2 mummies (Ossuary)
  11 gnolls
  3 adders
  A shadow imp (D:7)
  A white imp (D:6)
  2 ufetubi
  An adder skeleton (D:2)
  7 adder zombies
  2 worms
  3 dart slugs
  8 orcs
  6 ball pythons
  2 bats
  A bat skeleton (D:2)
  5 endoplasms
  2 giant cockroaches
  3 gnoll zombies (Ossuary)
  8 hobgoblins
  8 jackals
  2 quokkas
  2 ball python skeletons (D:2)
  A ball python zombie (D:2)
  6 frilled lizards
  6 goblins
  2 goblin zombies (D:5)
  4 hobgoblin zombies (Ossuary)
  2 jackal skeletons (D:2)
  11 kobolds
  5 kobold zombies (Ossuary)
  5 orc zombies (Ossuary)
  5 rats
181 creatures vanquished.

Vanquished Creatures (others)
  A kobold (D:6)
  A withered plant (D:2)
2 creatures vanquished.

Grand Total: 183 creatures vanquished

Notes
Turn   | Place    | Note
-------+----------+-------------------------------------------
     0 | D:1      | 27heaven the Formicid Fighter began the quest for the Orb.
     0 | D:1      | Reached XP level 1. HP: 18/18 MP: 1/1
   275 | D:1      | Reached XP level 2. HP: 14/24 MP: 2/2
   993 | D:1      | Reached skill level 3 in Polearms
  1918 | D:1      | Identified a scroll of acquirement
  1918 | D:1      | Acquired 861 gold pieces
  2100 | D:2      | Reached XP level 3. HP: 26/29 MP: 3/3
  2112 | D:2      | Acquired a manual of Polearms
  2457 | D:2      | Reached skill level 4 in Polearms
  2551 | D:2      | Reached XP level 4. HP: 32/35 MP: 4/4
  2717 | D:2      | Reached skill level 5 in Polearms
  2920 | D:3      | Noticed Terence
  2936 | D:3      | Killed Terence
  2945 | D:3      | Acquired a manual of Armour
  3138 | D:3      | Reached XP level 5. HP: 41/41 MP: 5/5
  3151 | D:3      | Reached skill level 6 in Polearms
  3195 | D:3      | Acquired a manual of Armour
  3247 | D:3      | Found a runed translucent door.
  3248 | D:3      | Noticed Crazy Yiuf
  4088 | D:3      | Reached skill level 7 in Polearms
  4362 | D:3      | Found a faded altar of an unknown god.
  4582 | D:3      | Killed Crazy Yiuf
  4583 | D:3      | Reached XP level 6. HP: 45/47 MP: 6/6
  4625 | D:4      | Acquired a +2 glaive of distortion
  4728 | D:4      | Identified the +1 pair of gloves of Lightning Storm {rPois
                  | rC++ SInv Stlth+}
  4808 | D:4      | Found a blossoming altar of Fedhas.
  4814 | D:4      | Found an iron altar of Okawaru.
  4822 | D:4      | Found an opulent altar of Gozag.
  4830 | D:4      | Became a worshipper of Gozag Ym Sagoz the Greedy
  4904 | D:4      | Reached skill level 8 in Polearms
  4916 | D:4      | Acquired 751 gold pieces
  5003 | D:4      | Got the Octavo of Fiery Poisoning
  5153 | D:5      | Entered Level 5 of the Dungeon
  5164 | D:5      | Found a shadowy altar of Dithmenos.
  5181 | D:5      | Reached skill level 9 in Polearms
  5208 | D:5      | Noticed Eustachio
  5223 | D:5      | Killed Eustachio
  5224 | D:5      | Reached skill level 10 in Polearms
  5224 | D:5      | Reached XP level 7. HP: 28/52 MP: 7/7
  5498 | D:5      | Noticed Blork the orc
  5510 | D:5      | Killed Blork the orc
  5531 | D:5      | Found a sand-covered staircase.
  5539 | Ossuary  | Entered an ossuary
  5585 | Ossuary  | Reached skill level 11 in Polearms
  5605 | Ossuary  | Reached XP level 8. HP: 58/58 MP: 8/8
  5646 | Ossuary  | Reached skill level 12 in Polearms
  5836 | D:5      | Found a broken altar of Ashenzari.
  5844 | D:5      | Reached skill level 13 in Polearms
  6298 | D:5      | Got Sif Muna's Precepts of Venin
  6620 | D:6      | Reached XP level 9. HP: 49/64 MP: 9/9
  6934 | D:5      | Reached skill level 14 in Polearms
  7226 | D:6      | Found a staircase to the Ecumenical Temple.
  7522 | D:6      | Found an ancient bone altar of Kikubaaqudgha.
  7907 | D:7      | Reached skill level 15 in Polearms
  8320 | D:7      | Noticed Maggie
  8334 | D:7      | Killed Maggie
  8335 | D:7      | Reached XP level 10. HP: 24/70 MP: 10/10
  9201 | D:8      | Noticed a centaur warrior
  9211 | D:8      | Reached skill level 16 in Polearms
  9213 | D:8      | Killed a centaur warrior
  9242 | D:8      | Reached skill level 17 in Polearms
  9413 | D:8      | Noticed a manticore
  9456 | D:8      | Killed a manticore
  9568 | D:8      | Noticed a centaur warrior
  9579 | D:8      | HP: 2/70 [gnoll/+0 halberd[a gnoll sergeant] (6)]
  9581 | D:8      | Shot with an arrow by a centaur warrior

Illustrated notes

Levels and vault maps discovered:
D:1:      spicycebolla_arrival_transporter_tutorial, layout_basic
D:2:      layout_basic, serial_undead, serial_undead_f, serial_undead_b,
          serial_undead_a, serial_undead_e, serial_undead_a, serial_undead_a
D:3:      layout_basic, hellmonk_ecumenical_altar_crossroads,
          nicolae_underground_beach, uniq_crazy_yiuf_cottage, uniq_terence
D:4:      layout_rooms, grunt_gozag_breadcrumbs, grunt_temple_overflow_open,
          serial_glass, glass_columns_b, glass_columns_a, glass_columns_a,
          glass_columns_a, glass_columns_a, glass_columns_a, glass_columns_a,
          glass_columns_c, glass_columns_a, glass_columns_a
D:5:      layout_basic, lemuel_doored_altar, nicolae_ashenzari_skybound,
          enter_ossuary_4, water_boxes_lemuel, uniq_blork_the_orc,
          uniq_eustachio
D:6:      layout_cave_pools, mainiacjoe_overflow_small_starburst,
          minmay_temple_entry_statues_fountains, nicolae_figureground_sparkle
D:7:      layout_layer_cave, minmay_misc_feat_iff, uniq_maggie
D:8:      cheibrodos_fzero, layout_loops_cross, mainiacjoe_overflow_alcove_1,
          tso_metal_star, minmay_misc_feat_tiny, kennysheep_cross_bottleneck,
          st_stairs_4

Skill      XL: |  1  2  3  4  5  6  7  8  9 10 |
---------------+-------------------------------+-----
Polearms       | 3 4 5 7 10 11 13 15 17 | 17.4
Fighting       | |  3.2
Armour         | |  3.2
Shields        | |  4.0

Action                   |  1- 3 |  4- 6 |  7- 9 | 10-12 || total
-------------------------+-------+-------+-------+-------++-------
Melee: Trident           |    87 |   121 |       |       ||   208
       Punch             |     1 |       |     1 |       ||     2
       Glaive            |       |    29 |   210 |    64 ||   303
  Use: Scroll            |     3 |     4 |       |       ||     7
       Potion            |       |       |       |     2 ||     2
 Stab: Sleeping          |     2 |     1 |       |       ||     3
       Distracted        |       |       |     4 |     1 ||     5
Armor: Ring mail         |     5 |     7 |       |       ||    12
       Chain mail        |       |    52 |   118 |    14 ||   184
       Plate armour      |       |       |       |     6 ||     6
Dodge: Dodged            |    45 |    41 |    71 |    19 ||   176
Block: Kite shield       |       |       |    85 |    35 ||   120

Table legend: (Time is in decaauts)
 A = Elapsed time spent in this place.
 B = Non-inter-level travel time spent in this place.
 C = Inter-level travel time spent in this place.
 D = Time resting spent in this place.
 E = Time spent auto-exploring this place.
 F = Levels seen in this place.
 G = Mean time per level.
                   A        B        C        D        E       F      G
               +--------+--------+--------+--------+--------+-----+--------+
         Total |   9627 |   9345 |    282 |    849 |   7084 |   9 | 1069.7 |
       Dungeon |   9408 |   9126 |    282 |    849 |   6964 |   8 | 1176.0 |
       Ossuary |    218 |    218 |      0 |      0 |    120 |   1 |  218.0 |
               +--------+--------+--------+--------+--------+-----+--------+

Top non-repeatable levels by time:
     D:1: 2081 daAuts
     D:7: 1633 daAuts
     D:5: 1542 daAuts
     D:2: 1302 daAuts
     D:3: 1243 daAuts
     D:6: 861 daAuts
     D:4: 545 daAuts
 Ossuary: 218 daAuts
     D:8: 198 daAuts
